 Dungeon Crawl Stone Soup version 0.29.1-1-gd02db6906a (webtiles) character file.

Game seed: 5639725529221992523

290 dave1331 the Trooper (level 6, 0/52 HPs)
             Began as a Ghoul Fighter on Oct 6, 2022.
             Was a High Priest of Uskayaw.
             Slain by a scorpion (2 damage)
             ... on level 4 of the Dungeon.
             The game lasted 00:06:57 (3450 turns).

dave1331 the Trooper (Ghoul Fighter)                Turns: 3450, Time: 00:06:58

Health: 0/52       AC:  4    Str: 26    XL:     6   Next: 32%
Magic:  5/5        EV: 11    Int:  3    God:    Uskayaw [*****.]
Gold:   112        SH:  4    Dex:  8    Spells: 5/5 levels left

rFire   + . .      SeeInvis .   a - +0 war axe
rCold   + + +      Faith    .   c - +0 buckler
rNeg    + + +      Spirit   .   h - +1 leather armour "Jifometto" {Harm rF+ rC++ Str+4}
rPois   ∞          Reflect  .   (no helmet)
rElec   .          Harm     +   (no cloak)
rCorr   .          Rampage  .   (no gloves)
Will    .....                   (no boots)
Stlth   +.........              (no amulet)
HPRegen 0.00/turn               (no ring)
MPRegen 0.09/turn               (no ring)

@: inhibited regen
A: claws 1, cold resistance 1, negative energy resistance 3, inhibited
regeneration, torment resistance 2, devour on kill
a: Renounce Religion, Stomp, Line Pass, Grand Finale


You were on level 4 of the Dungeon.
You worshipped Uskayaw.
Uskayaw was noncommittal.
You visited 1 branch of the dungeon, and saw 4 of its levels.

You collected 112 gold pieces.

Inventory:

Hand Weapons
 a - a +0 war axe (weapon)
Armour
 b - a +0 scale mail
 c - a +0 buckler (worn)
 h - the +1 leather armour "Jifometto" (worn) {Harm rF+ rC++ Str+4}
   (You found it on level 2 of the Dungeon)

   Str:       It affects your strength (+4).
   rF:        It protects you from fire.
   rC:        It greatly protects you from cold.
   Harm:      It increases damage dealt and taken.
Scrolls
 j - a scroll of summoning
 k - 2 scrolls of blinking
 l - 3 scrolls of noise
Potions
 d - 2 potions of might
 f - a potion of haste {unknown}
 g - 2 potions of magic {unknown}
 i - 2 potions of brilliance {unknown}
 m - a potion of cancellation {unknown}
 n - a potion of lignification {unknown}
 o - 2 potions of berserk rage {unknown}


   Skills:
 + Level 4.2 Fighting
 + Level 4.0 Axes
 + Level 3.4 Armour
 + Level 1.8 Dodging
 + Level 1.0 Stealth
 + Level 3.2 Shields


You had 5 spell levels left.
You didn't know any spells.
Your spell library contained the following spells:

 Spells                   Type           Power      Damage    Failure   Level
 Ozocubu's Armour         Ice            0%         N/A       95%         3
 Ozocubu's Refrigeration  Ice            0%         4d7       100%        7


Dungeon Overview and Level Annotations

Branches:
Dungeon (4/15)
 Temple: D:4-7

Altars:
Makhleb
Uskayaw


Innate Abilities, Weirdness & Mutations

You are immune to poison.
You have sharp fingernails.
Your flesh is cold resistant. (rC+)
You are immune to negative energy. (rN+++)
You do not regenerate when monsters are visible.
You are immune to unholy pain and torment.
You thrive by killing the living.


Message History

You miss the adder. You hit the giant cockroach.
You kill the giant cockroach!
The adder is no longer sharing its pain.
The giant cockroach is no longer sharing its pain.
A scorpion comes into view.
The scorpion stings you but does no damage.
The adder barely misses you. The adder bites you but does no damage.
The scorpion barely misses you.
The scorpion moves out of view.
You slash the scorpion!
You kill the scorpion!
You feel better.
You hit the adder. The adder barely misses you.
Uskayaw links your audience in an emotional bond!
Your Stealth skill increases to level 1!
You have reached level 6!
You slash the giant cockroach!
You kill the adder!
You kill the giant cockroach!
The scorpion is caught in a web!
The scorpion pulls away from the web.
The scorpion closely misses you.
Your Axes skill increases to level 4!
You closely miss the scorpion.
The scorpion is lightly wounded.
You completely miss the scorpion.
The scorpion is no longer sharing its pain. x2
The scorpion stings you. x2
* * * LOW HITPOINT WARNING * * *
The scorpion stings you.
* * * LOW HITPOINT WARNING * * *
The scorpion misses you.
You slash the scorpion!
The scorpion is almost dead.
You slash the scorpion! You block the scorpion's attack.
The scorpion stings you!
* * * LOW HITPOINT WARNING * * *
You can now merge with and destroy a victim.
You slash the scorpion!
You kill the scorpion!
You barely miss the scorpion. The scorpion stings you.
* * * LOW HITPOINT WARNING * * *
The scorpion stings you.
You die...

## ^.#
###..####
###@†...^..
#^s)#.P$^..
#^..#..##^^.P
###..)... ...
.P..#.#.# .
#P##.#). # ##
##$##. # ##


You could see a scorpion.

Vanquished Creatures
  3 scorpions (D:4)
  Robin (D:3)
  A gnoll (D:1)
  6 adders
  6 dart slugs
  4 bats
  7 endoplasms
  3 giant cockroaches
  13 goblins
  9 hobgoblins
  12 jackals
  3 quokkas
  2 ball pythons (D:1)
  3 frilled lizards (D:1)
  4 kobolds
  5 rats
82 creatures vanquished.

Vanquished Creatures (others)
  4 fungi (D:4)
  4 plants (D:1)
8 creatures vanquished.

Grand Total: 90 creatures vanquished

Notes
Turn   | Place    | Note
-------+----------+-------------------------------------------
     0 | D:1      | dave1331 the Ghoul Fighter began the quest for the Orb.
     0 | D:1      | Reached XP level 1. HP: 19/19 MP: 0/0
     3 | D:1      | Noticed an electric eel
     4 | D:1      | Noticed an electric eel
   284 | D:1      | Reached XP level 2. HP: 26/26 MP: 1/1
   463 | D:1      | Found a faded altar of an unknown god.
   511 | D:1      | Reached XP level 3. HP: 24/31 MP: 2/2
  1565 | D:2      | Reached XP level 4. HP: 34/40 MP: 3/3
  1669 | D:2      | Identified the +1 leather armour "Jifometto" {Harm rF+ rC++
                  | Str+4}
  2610 | D:3      | Reached skill level 1 in Dodging
  2612 | D:3      | Found a burning altar of Makhleb.
  2637 | D:3      | Noticed an angel
  2638 | D:3      | Noticed a balrug
  2659 | D:3      | Found a hide-covered altar of Uskayaw.
  2678 | D:3      | Became a worshipper of Uskayaw the Reveller
  2774 | D:3      | Reached * piety under Uskayaw
  2775 | D:3      | Reached XP level 5. HP: 45/46 MP: 4/4
  2877 | D:3      | Noticed Robin
  2885 | D:3      | Reached ** piety under Uskayaw
  2901 | D:3      | Killed Robin
  3440 | D:4      | Reached *** piety under Uskayaw
  3442 | D:4      | Reached **** piety under Uskayaw
  3447 | D:4      | Reached skill level 1 in Stealth
  3447 | D:4      | Reached XP level 6. HP: 19/52 MP: 5/5
  3449 | D:4      | Reached ***** piety under Uskayaw
  3450 | D:4      | HP: 2/52 [scorpion (2)]
  3450 | D:4      | Slain by a scorpion

Illustrated notes

Levels and vault maps discovered:
D:1:      arrival_aquarium_b, layout_basic,
          dreamdust_ecumenical_altar_angels_and_demons, nicolae_grassy_gnolls
D:2:      layout_rooms, serial_co_window_serial, co_window_corner_a,
          co_window_paths_b, co_window_of_opportunity_a, co_window_paths_a,
          co_window_cross_1, co_window_corner_cb, co_window_corner_cb,
          co_window_broadway_b, co_window_corner_ca, co_window_4corner_a,
          glass_columns_a, glass_columns_c, glass_columns_a, glass_columns_c,
          glass_columns_c
D:3:      layout_basic, grunt_temple_overflow_order_and_chaos_2,
          mainiacjoe_overflow_tiny_flanked, uniq_robin
D:4:      old_forge, layout_loops_ring,
          mainiacjoe_overflow_concentric_impassable, lemuel_blue_sif_altar,
          serial_shops, shop, uniq_edmund

Skill      XL: |  1  2  3  4  5  6 |
---------------+-------------------+-----
Axes           | 2 3 4 |  4.0
Armour         | 3 |  3.4
Shields        | 3 |  3.2
Dodging        | 1 |  1.8
Fighting       | 4 |  4.2
Stealth        | 1 |  1.0

Action                   |  1- 3 |  4- 6 || total
-------------------------+-------+-------++-------
Melee: War axe           |   101 |   113 ||   214
  Use: Scroll            |     3 |     4 ||     7
 Stab: Paralysed         |       |     3 ||     3
Armor: Scale mail        |    51 |     1 ||    52
       Leather armour    |       |    55 ||    55
Dodge: Dodged            |    55 |    85 ||   140
Block: Buckler           |    19 |    34 ||    53
